 Dungeon Crawl Stone Soup version 0.29.1-15-g9cfb28693d (webtiles) character file.

Game seed: 3446068933248514112

44 MisterFreud the Ducker (level 3, -1/17 HPs)
             Began as a Felid Berserker on Apr 19, 2023.
             Was a Follower of Trog.
             Slain by an orc
             ... wielding a +0 dagger
              (2 damage)
             ... on level 3 of the Dungeon.
             The game lasted 00:01:35 (2076 turns).

MisterFreud the Ducker (Felid Berserker)            Turns: 2076, Time: 00:01:36

Health: -1/17      AC:  1    Str: 13    XL:     3   Next: 39%
Magic:  4/4        EV: 18    Int:  8    God:    Trog [*.....]
Gold:   128        SH:  0    Dex: 17    Spells: 2/2 levels left
                                        Lives:  0   Deaths: 0

rFire   . . .      SeeInvis +     - Unarmed
rCold   . . .      Faith    .   (shield unavailable)
rNeg    . . .      Spirit   .   (body armour unavailable)
rPois   .          Reflect  .   (helmet unavailable)
rElec   .          Harm     .   (cloak unavailable)
rCorr   .          Rampage  .   (gloves unavailable)
Will    .....                   (boots unavailable)
Stlth   ++........              (no amulet)
HPRegen 0.05/turn               (no ring)
MPRegen 0.09/turn               (no ring)

@: on berserk cooldown, slowed, slow
A: very small, claws 1, fangs 3, see invisible, speed 1, shaggy fur 1, stealthy
paws, no weapons or thrown items, no armour, multi-lived
a: Renounce Religion, Berserk


You were on level 3 of the Dungeon.
You worshipped Trog.
Trog was aware of your devotion.
You visited 1 branch of the dungeon, and saw 3 of its levels.

You collected 128 gold pieces.

Inventory:

Jewellery
 h - a ring of poison resistance
Scrolls
 b - a scroll of blinking {unknown}
 c - 3 scrolls of identify {unknown}
 d - 2 scrolls of teleportation {unknown}
 e - 3 scrolls of amnesia {unknown}
 i - a scroll of summoning {unknown}
 j - a scroll of enchant weapon {unknown}
Potions
 a - 3 potions of curing {unknown}
 f - a potion of berserk rage {unknown}
 g - a potion of invisibility {unknown}
 k - a potion of resistance {unknown}
 l - a potion of mutation {unknown}


   Skills:
 - Level 3.0 Fighting
 - Level 4.0 Dodging
 + Level 3.1 Stealth
 + Level 3.8 Unarmed Combat


You had 2 spell levels left.
You didn't know any spells.
Your spell library was empty.

Dungeon Overview and Level Annotations

Branches:
Dungeon (3/15)

Altars:


Innate Abilities, Weirdness & Mutations

You have sharp claws.
You have razor-sharp teeth.
You have supernaturally acute eyesight. (SInv)
You cover ground quickly. (Speed+)
You are covered in fur. (AC +1)
Your paws help you pounce on unaware monsters.
You are incapable of wielding weapons or throwing items.
You cannot wear armour.
You gain extra lives every three experience levels.


Message History

You barely miss the orc.
The orc is heavily wounded.
The orc barely misses you.
You scratch the orc but do no damage.
The orc is heavily wounded.
The orc completely misses you.
You closely miss the orc.
The orc is heavily wounded.
You barely miss the orc.
The orc is heavily wounded.
The orc misses you.
You scratch the orc.
You kill the orc!
Trog accepts your kill.
A red film seems to cover your vision as you go berserk!
You feel yourself moving faster!
You feel mighty! The orc hits you with a +0 dagger.
The orc hits you from afar with a +1 trident of distortion!
* * * LOW HITPOINT WARNING * * *
You blink.
You feel a strong urge to attack something.
You feel your anger nearly subside.
You are no longer berserk.
You are exhausted.
You feel yourself slow down.
You scratch the orc. You bite the orc.
The orc is almost dead.
The orc hits you with a +0 dagger.
* * * LOW HITPOINT WARNING * * *
The orc barely misses you. The orc hits you with a +0 dagger.
* * * LOW HITPOINT WARNING * * *
The orc barely misses you. The orc attacks as you move away!
The orc closely misses you. The orc attacks as you move away!
The orc barely misses you. The orc attacks as you move away!
The orc closely misses you. The orc hits you with a +0 dagger.
* * * LOW HITPOINT WARNING * * *
The orc completely misses you. The orc attacks as you move away!
The orc hits you with a +0 dagger.
You die...

#.##...†...#####.###
#.##....?..#####.##.
##.#######........##.
#....# #........##.
#....# #........##.
#.S..# #........##.
#..oo# #........###
#...o# #.######## #
####@# #.# #.# #.#
..# #.# ...# #.#
....# #.+ ##8### #.+
## #.+


You could see an adder and 3 orcs.

Vanquished Creatures
  An adder (D:3)
  A worm (D:2)
  2 orcs (D:3)
  2 endoplasms (D:1)
  A giant cockroach (D:2)
  4 hobgoblins
  A jackal (D:1)
  A kobold (D:1)
  3 quokkas
  3 ball pythons
  2 bats
  3 goblins (D:2)
  4 rats (D:1)
28 creatures vanquished.

Notes
Turn   | Place    | Note
-------+----------+-------------------------------------------
     0 | D:1      | MisterFreud the Felid Berserker began the quest for the
                  | Orb.
     0 | D:1      | Reached XP level 1. HP: 10/10 MP: 2/2
    59 | D:1      | Reached skill level 1 in Stealth
   455 | D:1      | Found a faded altar of an unknown god.
   554 | D:1      | Reached XP level 2. HP: 14/14 MP: 3/3
  1651 | D:2      | Reached XP level 3. HP: 17/17 MP: 4/4
  2076 | D:3      | Slain by an orc

Illustrated notes

Levels and vault maps discovered:
D:1:      saegor_arrival_simple_d, layout_basic,
          hellmonk_ecumenical_altar_blasted, minmay_indecisive_spiral
D:2:      layout_loops_ring, kennysheep_boxes
D:3:      layout_basic, kennysheep_vampire_church, fedhas_altar_fruit_tree,
          serial_shops, shop, grunt_decor_mini_mirrors, corexii_hall_statues_x,
          minmay_rat_hole

Skill      XL: |  1  2  3 |
---------------+----------+-----
Stealth        | 1 2 3 |  3.1
Fighting       | |  3.0
Dodging        | |  4.0
Unarmed Combat | |  3.8

Action                   || total
-------------------------++-------
Melee: Unarmed           ||    82
       Bite              ||     6
       Punch             ||     2
Invok: Berserk           ||     1
 Stab: Sleeping          ||     4
Armor: Skin              ||     1
Dodge: Dodged            ||    58
